 Dungeon Crawl Stone Soup version 0.31-a0-259-g771a54ca4b (webtiles) character file.

Game seed: 15089128837365634182

202 qw the Shooter (level 5, -1/32 HPs)
             Began as a Gargoyle Hexslinger on July 13, 2023.
             Slain by a wyvern (5 damage)
             ... on level 6 of the Dungeon.
             The game lasted 00:01:02 (1576 turns).

qw the Shooter (Gargoyle Hexslinger)                Turns: 1576, Time: 00:01:02

Health: -1/32      AC: 12    Str: 12    XL:     5   Next: 80%
Magic:  2/2        EV: 11    Int: 13    God:
Gold:   30         SH:  0    Dex: 14    Spells: 5/6 levels left

rFire   . . .        i - +1 orcbow (antimagic)
rCold   . . .        (shield currently unavailable)
rNeg    + + .        d - +0 leather armour
rPois   inf          (no helmet)
rElec   +            (no cloak)
rCorr   .            (no gloves)
SInv    .            e - +0 pair of boots
Will    .....        (no amulet)
Stlth   +            a - ring of positive energy
HPRegen 0.25/turn    c - +4 ring of protection
MPRegen 0.08/turn

%: no passive effects
@: no status effects
A: sickness immunity, AC +4, negative energy resistance 1, electricity
resistance, torment resistance 1, petrification resistance
a: no special abilities


You were on level 6 of the Dungeon.
You visited 1 branch of the dungeon, and saw 4 of its levels.

You collected 129 gold pieces.
You spent 99 gold pieces at shops.


Innate Abilities, Weirdness & Mutations

You are immune to sickness and miasma.
Your stone body is resilient. (AC +4)
You are immune to poison.
You resist negative energy. (rN+)
You are resistant to electric shocks. (rElec)
You are resistant to unholy torment.
You are immune to petrification.


   Skills:
 - Level 3.0 Fighting
 + Level 5.2 Ranged Weapons
 - Level 1.5 Dodging
 - Level 1.0 Spellcasting
 - Level 2.6 Hexes


You had 5 spell levels left.
You knew the following spells:

 Your Spells              Type           Power      Damage    Failure   Level
a - Slow                  Hex            28%        N/A       12%         1

Your spell library contained the following spells:

 Spells                   Type           Power      Damage    Failure   Level
 Inner Flame              Hex/Fire       4%         N/A       52%         3
 Portal Projectile        Hex/Tloc       8%         N/A       52%         3
 Cause Fear               Hex            3%         N/A       75%         4

Inventory:

Hand Weapons
 i - a +1 antimagic orcbow (weapon)
Armour
 d - a +0 leather armour (worn)
 e - a +0 pair of boots (worn)
 f - the +1 robe of Dogmatism {rCorr Dex+3}
   (You found it on level 3 of the Dungeon)

   Dex:       It affects your dexterity (+3).
   rCorr:     It protects you from acid and corrosion.
Jewellery
 a - a ring of positive energy (left hand)
 c - a +4 ring of protection (right hand)
Scrolls
 g - a scroll of silence {unknown}
 l - a scroll of teleportation
Potions
 b - a potion of curing {unknown}
 h - a potion of brilliance {unknown}
 j - a potion of lignification {unknown}
 k - a potion of attraction {unknown}
 m - a potion of resistance {unknown}

Dungeon Overview and Level Annotations

Branches:
Dungeon (6/15)
 Temple: D:4-7

Altars:
Trog

Shops:
D:2 (   D:6 *


Message History

Your Fighting skill increases to level 3!
You start resting.
You hear the slow hiss of a very distant avalanche of sand.
HP restored.
Found a blade talisman.
There is an entrance to Quilapio's General Store here.
1550 ||| SHOPLISTING +1 hat (143 gold, have 69).
You can access your shopping list by pressing '$'.
1550 ||| SHOPLISTING scroll of enchant weapon (97 gold, have 69).
You can access your shopping list by pressing '$'.
1550 ||| BUYING scroll of teleportation (39 gold).
l - a scroll of teleportation Thank you for shopping at Quilapio's General Store!
You can access your shopping list by pressing '$'.
Found a robe.
m - a fuming purple potion
Found a bloodstained altar of Trog.
You hear the slow hiss of a very distant avalanche of sand.
A wyvern comes into view.
The wyvern hisses angrily.
You shoot an arrow. The arrow closely misses the wyvern.
You shoot an arrow. The arrow barely misses the wyvern.
The wyvern closely misses you. The wyvern bites you.
You shoot an arrow. The arrow hits the wyvern.
The wyvern is lightly wounded.
The wyvern barely misses you.
The wyvern bites you but does no damage.
You shoot an arrow. The arrow barely misses the wyvern.
The wyvern closely misses you. The wyvern bites you.
You shoot an arrow. The arrow closely misses the wyvern.
The wyvern barely misses you. The wyvern bites you!
You shoot an arrow. The arrow hits the wyvern.
The wyvern is lightly wounded.
The wyvern bites you but does no damage.
The wyvern bites you!
You shoot an arrow. The arrow completely misses the wyvern.
The wyvern closely misses you.
You shoot an arrow. The arrow barely misses the wyvern.
The wyvern bites you. x3
You die...

#. .. ..# #.#
##.#......## #.# #..
....... #.# #.. .......
##.###### #.## .....
..|.#...# #..###..#
..#.#...###..##...#
.#.............._.##..##
\...######..[##.@......#
.#..# #....###l.....#
..#.# #....# ..##..#
....# #....# ..# . .####
#...... ..# #####
##...##.#.# ....## #...#
#.# ##...# ##.# .. #...#


You could see a wyvern.

Vanquished Creatures
  An orc priest (D:3)
  3 gnolls (D:2)
  5 adders
  2 white imps (D:6)
  7 worms
  4 orcs
  A ball python (D:1)
  5 bats (D:1)
  3 endoplasms
  2 giant cockroaches
  6 goblins
  7 hobgoblins
  2 quokkas
  4 frilled lizards
  8 kobolds
  7 rats
67 creatures vanquished.

Notes
Turn   | Place    | Note
-------+----------+-------------------------------------------
     0 | D:1      | qw the Gargoyle Hexslinger began the quest for the Orb.
     0 | D:1      | Reached XP level 1. HP: 12/12 MP: 2/2
     0 | D:1      | 0 ||| qw: Version: 0.3-a-52-g30416fa
     0 | D:1      | 0 ||| qw: Game counter: 6854
     0 | D:1      | 0 ||| qw: Melee chars always use a shield: true
     0 | D:1      | 0 ||| qw: God list: Okawaru
     0 | D:1      | 0 ||| qw: Allow faded altars: false
     0 | D:1      | 0 ||| qw: Do Orc after clearing Dungeon:15 true
     0 | D:1      | 0 ||| qw: Do second Lair branch before Depths: true
     0 | D:1      | 0 ||| qw: Lair rune preference: random
     0 | D:1      | 0 ||| qw: Goals: Normal
     0 | D:1      | 0 ||| PLANNING D:1-11
    27 | D:1      | Found a faded altar of an unknown god.
    75 | D:1      | Reached XP level 2. HP: 16/16 MP: 3/3
   155 | D:1      | Reached skill level 3 in Ranged Weapons
   274 | D:1      | Reached XP level 3. HP: 18/21 MP: 4/4
   274 | D:1      | 274 ||| FLEEEEING.
   275 | D:1      | 275 ||| FLEEEEING.
   276 | D:1      | 276 ||| FLEEEEING.
   555 | D:1      | 555 ||| UPGRADING to +0 leather armour.
   565 | D:1      | 565 ||| DROPPING +0 robe.
   566 | D:1      | 566 ||| UPGRADING to +0 pair of boots.
   571 | D:1      | 571 ||| DROPPING scroll of poison.
   701 | D:2      | Reached XP level 4. HP: 18/26 MP: 5/5
   801 | D:2      | Found Xociexis's Antique Weapon Emporium.
   812 | D:2      | 812 ||| SHOPLISTING glowing orcbow (130 gold, have 70).
   812 | D:2      | 812 ||| BUYING shortbow (60 gold).
   812 | D:2      | Bought a shortbow for 60 gold pieces
   812 | D:2      | 812 ||| SWAPPING to +0 shortbow.
   813 | D:2      | 813 ||| DROPPING +1 sling.
   839 | D:2      | Reached skill level 4 in Ranged Weapons
   936 | D:2      | HP: 5/26 [gnoll/+0 whip (6)]
   937 | D:2      | HP: 2/26 [kobold/+0 club (4)]
   953 | D:2      | 953 ||| FLEEEEING.
  1182 | D:2      | 1182 ||| UPGRADING to ring of positive energy.
  1183 | D:2      | 1183 ||| UPGRADING to +4 ring of protection.
  1184 | D:2      | 1184 ||| READING scroll labelled ENAANE WOODEOC.
  1185 | D:2      | 1185 ||| READING scroll labelled HIKUYKHLUIT.
  1221 | D:3      | Identified the +1 robe of Dogmatism {rCorr Dex+3}
  1292 | D:3      | Reached XP level 5. HP: 30/30 MP: 6/6
  1338 | D:3      | Reached skill level 5 in Ranged Weapons
  1350 | D:3      | 1350 ||| SWAPPING to +1 antimagic orcbow.
  1351 | D:3      | 1351 ||| DROPPING +0 shortbow.
  1468 | D:3      | You fall into a shaft and drop 3 floors!
  1476 | D:6      | Found Quilapio's General Store.
  1479 | D:6      | 1479 ||| PLANNING OSSUARY
  1482 | D:6      | 1482 ||| Stepping ~*~*~tactically~*~*~ (outnumbered).
  1495 | D:6      | Reached skill level 3 in Fighting
  1550 | D:6      | 1550 ||| SHOPLISTING +1 hat (143 gold, have 69).
  1550 | D:6      | 1550 ||| SHOPLISTING scroll of enchant weapon (97 gold,
                  | have 69).
  1550 | D:6      | 1550 ||| BUYING scroll of teleportation (39 gold).
  1550 | D:6      | Bought a scroll of teleportation for 39 gold pieces
  1559 | D:6      | Found a bloodstained altar of Trog.
  1568 | D:6      | Noticed a wyvern
  1576 | D:6      | HP: 4/32 [wyvern (6)]
  1576 | D:6      | Slain by a wyvern

Levels and vault maps discovered:
D:1:      dpeg_arrival_orchard, layout_rooms, basic_ecumenical_altar,
          moated_statue, minmay_parallelograms, minmay_cut_off
D:2:      layout_rooms, serial_shops, shop, uniq_crazy_yiuf_cottage
D:3:      layout_rooms
D:6:      layout_basic, trog_three_pillars_becter,
          nicolae_ossuary_entry_monument, serial_shops,
          nicolae_shop_advertising_works [nicolae_subvault_shop_adworks],
          lemuel_flamethrower_1

Skill      XL: |  1  2  3  4  5 |
---------------+----------------+-----
Ranged Weapons | 3 4 5 |  5.2
Fighting       | 2 3 |  3.0
Dodging        | |  1.5
Spellcasting   | |  1.0
Hexes          | |  2.6

Action                     |  1- 3 |  4- 6 || total
---------------------------+-------+-------++-------
   Fire: Sling             |   124 |     5 ||   129
         Shortbow          |       |   102 ||   102
         Orcbow            |       |    48 ||    48
    Use: Scroll            |       |     2 ||     2
 Armour: Robe              |     7 |       ||     7
         Leather armour    |    12 |    54 ||    66
  Dodge: Dodged            |    33 |    78 ||   111

Table legend:
 A = Non-vault XP
 B = Vault XP
 C = Vault XP percentage of total XP
 D = Non-vault monster count
 E = Vault monster count
 F = Vault count percentage of total count
                 A         B        C        D         E       F
            +---------+---------+-------+---------+---------+-------
      Total |     283 |       6 |   2.1 |      64 |       3 |   4.5
            +---------+---------+-------+---------+---------+-------
        D:1 |      40 |       6 |  13.0 |      25 |       3 |  10.7
        D:2 |     109 |       0 |   0.0 |      22 |       0 |   0.0
        D:3 |     113 |       0 |   0.0 |      15 |       0 |   0.0
        D:6 |      21 |       0 |   0.0 |       2 |       0 |   0.0
            +---------+---------+-------+---------+---------+-------
